 Dungeon Crawl Stone Soup version 0.21.0-3-g78d12a8 (webtiles) character file.

175 RollingDesktops the Slasher (level 5, -1/47 HPs)
             Began as a Draconian Chaos Knight on Jan 11, 2018.
             Was a Follower of Ashenzari.
             Succumbed to Inarius's ghost's poison
             ... on level 3 of the Dungeon on Jan 12, 2018.
             The game lasted 00:13:44 (2176 turns).

RollingDesktops the Slasher (DrCK)                  Turns: 2176, Time: 00:13:45

Health: -1/47      AC:  5    Str: 15    XL:     5   Next: 29%
Magic:  5/5        EV: 12    Int: 15    God:    Ashenzari [*.....]
Gold:   127        SH:  0    Dex: 10    Spells: 4/4 levels left

rFire    . . .     SeeInvis .   a - +0 falchion (chaos)
rCold    . . .     Gourm    .   (no shield)
rNeg     . . .     Faith    .   (armour unavailable)
rPois    .         Spirit   .   (helmet restricted)
rElec    .         Reflect  .   (no cloak)
rCorr    .         Harm     .   (no gloves)
MR       .....                  (no boots)
Stlth    +.........             (no amulet)
HPRegen  0.15/turn              j - +2 ring of intelligence
MPRegen  0.09/turn              (no ring)

@: lethally poisoned (-1 -> -16), slowed, very slow
A: unfitting armour, cold-blooded, AC +5
a: Curse Item, Scrying, Renounce Religion


You were on level 3 of the Dungeon.
You worshipped Ashenzari.
Ashenzari was aware of your devotion.
You were hungry.

You visited 1 branch of the dungeon, and saw 4 of its levels.

You collected 127 gold pieces.

Inventory:

Hand Weapons
 a - a +0 falchion of chaos (weapon)
Missiles
 f - a poisoned needle
 g - 6 tomahawks of returning (quivered)
Armour
 d - a +0 buckler
Jewellery
 j - a +2 ring of intelligence (left hand)
Scrolls
 c - 2 scrolls of immolation {unknown}
 e - a scroll of blinking
 h - a scroll of identify {unknown}
 k - a scroll of noise
 l - a scroll of enchant weapon {unknown}
Comestibles
 b - 3 rations


   Skills:
 + Level 4.5 Fighting
 + Level 4.7 Long Blades
 + Level 2.9 Dodging
 + Level 0.1 Stealth


You had 4 spell levels left.
You didn't know any spells.

Dungeon Overview and Level Annotations

Branches:
Dungeon (4/15)
 Temple: D:4-7

Altars:
Ashenzari
Elyvilon
Qazlal

Annotations:
D:3 Inarius's ghost, amateur DrIE


Innate Abilities, Weirdness & Mutations

Your plain brown scales are hard. (AC +5)
You cannot fit into any form of body armour.
You are cold-blooded and may be slowed by cold attacks.


Message History

Inarius's ghost gestures at you while chanting.
You are frozen.
* * * LOW HITPOINT WARNING * * *
You closely miss Inarius's ghost.
You tail-slap Inarius's ghost, but do no damage.
Inarius's ghost is almost destroyed.
Inarius's ghost hits you.
* * * LOW HITPOINT WARNING * * *
You are lethally poisoned!
Inarius's ghost hits you but does no damage.
You are more poisoned.
You closely miss Inarius's ghost.
Inarius's ghost is almost destroyed.
* * * LOW HITPOINT WARNING * * *
You feel very sick. Inarius's ghost hits you.
* * * LOW HITPOINT WARNING * * *
You barely miss Inarius's ghost.
Inarius's ghost is almost destroyed.
You die...

#.....# #.....#
######### ##.....#
........# .......#
.÷.....# #......##
.......
#.#.#...#######...###
#.#.+.......#≈≈...≈≈#
#.###...#.†.#≈.W♣..≈#.#
#.###...#.......@.....#
....#...#.....♣._.♣...#
....#...#............##
......###...#≈..♣..≈##
......# ###.#≈≈...≈≈#
......# #.###...###
#.....# #.. ...##
......# ### ####
##....#


You could see Inarius's ghost.

Vanquished Creatures
  A hound (D:3)
  A worker ant (D:4)
  5 adders
  2 oozes
  A dart slug (D:1)
  2 leopard geckos (D:1)
  2 orcs
  2 ball pythons (D:3)
  5 bats
  A giant cockroach (D:3)
  7 goblins
  9 hobgoblins
  5 jackals
  A quokka (D:4)
  7 frilled lizards
  6 kobolds
  5 rats
62 creatures vanquished.

Vanquished Creatures (others)
  A quokka (D:3)
1 creature vanquished.

Grand Total: 63 creatures vanquished

Notes
Turn   | Place    | Note
-------+----------+-------------------------------------------
     0 | D:1      | RollingDesktops the Draconian Chaos Knight began the quest for the Orb.
     0 | D:1      | Reached XP level 1. HP: 19/19 MP: 1/1
    18 | D:1      | XOM: silly message
    40 | D:1      | XOM: harmless Fire miscast
    63 | D:1      | XOM: harmless Tmut miscast
    69 | D:1      | Reached XP level 2. HP: 23/26 MP: 2/2
   332 | D:1      | XOM: harmless Tmut miscast
   696 | D:1      | Reached XP level 3. HP: 30/33 MP: 3/3
  1143 | D:2      | XOM: silly message
  1459 | D:2      | Reached XP level 4. HP: 40/40 MP: 4/4
  1534 | D:2      | XOM: harmless Chrm miscast
  1756 | D:2      | XOM: scenery: 2 doors close
  1785 | D:2      | You fall through a shaft for 2 floors!
  1797 | D:4      | XOM: polymorph jackal -> quokka
  1833 | D:4      | XOM: 8-stop teleportation journey
  1839 | D:4      | XOM: polymorph orc -> jackal
  1842 | D:4      | XOM: swap monsters
  1847 | D:4      | XOM: polymorph orc -> jackal
  1852 | D:3      | Found a faded altar of an unknown god.
  1859 | D:3      | Reached XP level 5. HP: 25/47 MP: 5/5
  1866 | D:3      | Fell from the grace of Xom
  1866 | D:3      | Became a worshipper of Ashenzari the Shackled
  1866 | D:3      | Reached * piety under Ashenzari
  2015 | D:3      | Found a stormy altar of Qazlal.
  2149 | D:3      | Found a white marble altar of Elyvilon.
  2157 | D:3      | Noticed Inarius's ghost (amateur DrIE)
  2172 | D:3      | HP: 2/47 [Inarius's ghost (2)]
  2176 | D:3      | Succumbed to Inarius's ghost's poison

Skill      XL: |  1  2  3 |
---------------+----------+-----
Fighting       | 4 |  4.5
Long Blades    | 4 |  4.7
Dodging        | |  2.9
Stealth        | |  0.1

Action                   |  1- 3 |  4- 6 || total
-------------------------+-------+-------++-------
Melee: Falchion          |    97 |    55 ||   152
       Tailslap          |     8 |     8 ||    16
  Use: Scroll            |       |     3 ||     3
       Potion            |       |     2 ||     2
  Eat: Ration            |       |     1 ||     1
Armor: Skin              |    39 |    34 ||    73
Dodge: Dodged            |    83 |    58 ||   141
       Rpst.: Falchion   |    24 |    21 ||    45
